 Dungeon Crawl Stone Soup version 0.21.1-1-g345015f (webtiles) character file.

31288 Mgcat the Cleaver (level 13, -3/112 HPs)
             Began as a Human Berserker on Feb 28, 2018.
             Was a High Priest of Trog.
             Slain by a freezing wraith (12 damage)
             ... in an ice cave.
             The game lasted 00:49:08 (15272 turns).

Mgcat the Cleaver (Human Berserker)                Turns: 15272, Time: 00:49:09

Health: -3/112     AC: 24    Str: 21    XL:     13   Next: 95%
Magic:  14/14      EV:  8    Int:  8    God:    Trog [*****.]
Gold:   563        SH:  9    Dex: 19    Spells: 12/12 levels left

rFire    + + +     SeeInvis .   j - +5 broad axe (vamp) {!w}
rCold    . . .     Gourm    +   H - +3 buckler {reflect}
rNeg     + . .     Faith    .   l - +0 plate armour
rPois    +         Spirit   .   O - +0 helmet
rElec    +         Reflect  +   m - +0 cloak
rCorr    .         Harm     .   s - +2 pair of gloves {Dex+3}
MR       .....                  P - +1 pair of boots
Stlth    ..........             E - amulet of Wocoeth {Gourm rElec}
HPRegen  0.28/turn              h - +1 ring of protection
MPRegen  0.14/turn              S - ring "Yvisenwi" {rPois rF+++ rN+ Dex+2 Slay-6}

@: berserk cooldown, very slightly contaminated, slowed, invisible, very slow
A: no striking features
a: Berserk, Trog's Hand, Brothers in Arms, Burn Spellbooks, Renounce Religion


You were in an ice cave.
You worshipped Trog.
Trog was extremely pleased with you.
You were hungry.

You visited 2 branches of the dungeon, and saw 15 of its levels.
You also visited: Ice Cave.

You collected 854 gold pieces.
You spent 291 gold pieces at shops.

Inventory:

Hand Weapons
 a - a +3 war axe of flaming
   (You bought it in a shop on level 10 of the Dungeon)
 b - a +0 hunting sling
   (You found it on level 4 of the Dungeon)
 j - a +5 vampiric broad axe (weapon) {!w}
   (Trog gifted it to you in an ice cave)
Missiles
 g - 4 curare-tipped needles
 t - 95 sling bullets
 y - 415 stones (quivered)
 L - 2 throwing nets {=f, !d}
Armour
 l - a +0 plate armour (worn)
   (You took it off an orc knight on level 10 of the Dungeon)
 m - a +0 cloak (worn)
   (You found it on level 5 of the Dungeon)
 s - a +2 pair of gloves of dexterity (worn)
   (You found it on level 5 of the Dungeon)
 H - a +3 buckler of reflection (worn)
   (You found it on level 6 of the Dungeon)
 O - a +0 helmet (worn)
   (You found it on level 10 of the Dungeon)
 P - a +1 pair of boots (worn)
   (You found it on level 4 of the Lair of Beasts)
 Q - a +0 ring mail of fire resistance
   (You found it on level 10 of the Dungeon)
Jewellery
 h - a +1 ring of protection (left hand)
   (You found it on level 10 of the Dungeon)
 B - an uncursed ring of resist corrosion {unknown}
   (You found it on level 11 of the Dungeon)
 E - the amulet of Wocoeth (around neck) {Gourm rElec}
   (You acquired it on level 10 of the Dungeon)

   [amulet of the gourmand]

   It allows you to eat raw meat even when not hungry.
   It insulates you from electricity.
 S - the ring "Yvisenwi" (right hand) {rPois rF+++ rN+ Dex+2 Slay-6}
   (You found it on level 4 of the Lair of Beasts)

   [ring of positive energy]

   It affects your dexterity (+2).
   It affects your accuracy and damage with ranged weapons and melee attacks
   (-6).
   It renders you almost immune to fire.
   It protects you from poison.
   It protects you from negative energy.
Wands
 f - a wand of paralysis (11)
   (You found it on level 2 of the Dungeon)
 n - a wand of polymorph (17)
   (You found it on level 2 of the Lair of Beasts)
 o - a wand of flame (19)
   (You took it off Natasha on level 2 of the Dungeon)
 v - a wand of clouds (4)
   (You found it on level 4 of the Dungeon)
 x - a wand of acid (7)
   (You found it on level 5 of the Dungeon)
 A - a wand of disintegration (14)
   (You found it on level 11 of the Dungeon)
 G - a wand of random effects (34)
   (You found it on level 6 of the Dungeon)
 M - a wand of digging (9)
   (You found it on level 8 of the Dungeon)
Scrolls
 d - 3 scrolls of immolation {!r}
 e - 6 scrolls of identify
 i - a scroll of enchant armour
 p - 4 scrolls of remove curse
 K - 2 scrolls of teleportation
 R - a scroll of fear
Potions
 r - 2 potions of invisibility
 u - 4 potions of flight
 z - a potion of mutation {!q}
 F - 5 potions of curing {unknown}
 I - a potion of berserk rage {unknown}
 J - a potion of might
 N - a potion of lignification {unknown}
Comestibles
 c - 33 rations


   Skills:
 + Level 13.7 Fighting
 + Level 13.7 Axes
 - Level 4.0 Slings
 + Level 10.4 Armour
 - Level 2.0 Dodging
 - Level 4.0 Shields
 + Level 1.5 Evocations


You had 12 spell levels left.
You didn't know any spells.

Dungeon Overview and Level Annotations

Branches:
Dungeon (11/15)            Temple (0/1) D:7            Lair (4/6) D:9
  Swamp (0/4) Lair:3          Orc (0/2) D:11
  Snake: Lair:2-4    Spider: Lair:2-4

Altars:
Elyvilon
Nemelex Xobeh
Ru
Sif Muna
Wu Jian
Xom
Beogh

Shops:
D:6 !   D:10 *   D:11 *

Annotations:
D:8 1 exclusion
Lair:2 exclusion: oklob plant


Message History

The troll simulacrum bites you but does no damage.
The troll simulacrum closely misses you.
You block the troll simulacrum's attack.
You slash the troll simulacrum!
The troll simulacrum vapourises!
Trog accepts your kill. The white imp gestures at you.
The puff of frost misses you.
You slash the naga simulacrum!
The naga simulacrum vapourises!
Trog accepts your kill.
You hit the centaur simulacrum.
The centaur simulacrum is lightly damaged.
You block the centaur simulacrum's attack.
You hit the centaur simulacrum.
The centaur simulacrum is heavily damaged.
You hit the freezing wraith. The freezing wraith hits you.
The freezing wraith freezes you!!
The freezing wraith hits you but does no damage.
You cut the centaur simulacrum into ribbons!!!
The centaur simulacrum vapourises!
Trog accepts your kill.
You closely miss the freezing wraith.
A draconian simulacrum comes into view.
You closely miss the freezing wraith.
The freezing wraith is lightly damaged.
You hit the freezing wraith but do no damage.
You feel the effects of Trog's Hand fading.
The freezing wraith hits you. The freezing wraith freezes you!!
The freezing wraith hits you! The freezing wraith drains your vigour!
You feel yourself slow down.
You hit the freezing wraith.
The freezing wraith is lightly damaged.
You hit the freezing wraith.
You are no longer berserk.
You are exhausted.
You feel as though you will be slow longer.
The freezing wraith hits you! The freezing wraith freezes you!
The freezing wraith closely misses you. The freezing wraith hits you.
The freezing wraith freezes you!!
* * * LOW HITPOINT WARNING * * *
You block the freezing wraith's attack.
Okay, then.
Unknown command.
Unknown command.
Unknown command.
The freezing wraith hits you!
* * * LOW HITPOINT WARNING * * *
The freezing wraith freezes you!
* * * LOW HITPOINT WARNING * * *
The freezing wraith hits you but does no damage.
You feel much better.
You block the freezing wraith's attack. x2
The freezing wraith hits you but does no damage.
The freezing wraith barely misses you. The freezing wraith hits you.
* * * LOW HITPOINT WARNING * * *
The freezing wraith freezes you!!
* * * LOW HITPOINT WARNING * * *
The freezing wraith hits you but does no damage.
You feel much better.
Your skin stops crawling.
You feel less resistant to hostile enchantments.
You block the freezing wraith's attack.
The freezing wraith hits you but does no damage. x4
The freezing wraith hits you.
* * * LOW HITPOINT WARNING * * *
You fade into invisibility!
You block the freezing wraith's attack. x3
The freezing wraith hits you but does no damage.
The white imp gestures at you.
The puff of frost hits the freezing wraith.
The freezing wraith appears unharmed.
The freezing wraith hits you but does no damage.
The freezing wraith hits you.
* * * LOW HITPOINT WARNING * * *
You are very lightly contaminated with residual magic.
The white imp picks up a beetle and eats it.
The freezing wraith barely misses you. The freezing wraith hits you.
* * * LOW HITPOINT WARNING * * *
The white imp shouts, "Take thy face hence, thou tottering crook-pated dingleberry!"
The freezing wraith hits you but does no damage.
You block the freezing wraith's attack.
You block the freezing wraith's attack. x2
The white imp gestures at you.
The puff of frost misses the freezing wraith.
The puff of frost misses you. The freezing wraith hits you.
* * * LOW HITPOINT WARNING * * *
The freezing wraith freezes you!!
* * * LOW HITPOINT WARNING * * *
The freezing wraith completely misses you.
The freezing wraith hits you but does no damage.
The freezing wraith barely misses you.
The white imp gestures at the freezing wraith.
The puff of frost hits the freezing wraith.
The freezing wraith appears unharmed.
The freezing wraith completely misses you.
The freezing wraith closely misses you. The freezing wraith hits you.
* * * LOW HITPOINT WARNING * * *
The freezing wraith freezes you!
You die...

#....#..# ##...#..#
##.##55# #####
###.Z## ##...##
##..###### #.....#
#5.## #(.#
##..#..####Z.###..#
##...##..#
##WW#...##
##...####.##
##@.....# ##...##
#..## #......##
#...## ##..#
#.......## #..##
#..###........#
..######
##..###.......#
.###...##
#..###.....##..
.##.....##
##..##.....# ..#
.#...#...#
#..#.....## .#
...####..#
##...#####


You could see 2 freezing wraiths, a white imp and a draconian simulacrum.

Vanquished Creatures
  An ice dragon (Lair:4)
  5 hydras
  2 two-headed ogres
  Urug (D:10)
  An orc knight (D:10)
  An ugly thing (D:11)
  A cyclops (D:11)
  2 black mambas
  A torpor snail (Lair:2)
  8 freezing wraiths (IceCv)
  5 spiny frogs
  2 rime drakes
  4 komodo dragons
  4 trolls
  A wolf spider simulacrum (IceCv)
  2 polar bears (Lair:4)
  The ghost of Xelenos the Chopper, an amateur HOFi of Okawaru (D:4)
  3 blink frogs (Lair:1)
  3 hippogriffs
  A wyvern (D:11)
  28 yaks
  Eustachio (D:6)
  A steam dragon (Lair:3)
  A hungry ghost (D:8)
  Menkaure (D:4)
  3 nagas (Lair:4)
  9 water moccasins
  4 swamp worms (Lair:3)
  8 porcupines
  A black bear (D:8)
  An eye of draining (D:11)
  9 ice beasts
  10 orc warriors
  2 sky beasts
  2 phantoms
  8 ogres
  2 necrophages
  4 centaurs
  2 wolves (Lair:4)
  9 crocodiles
  A big kobold (D:9)
  17 bullfrogs
  2 scorpions
  5 wights (D:7)
  5 electric eels
  3 crimson imps
  2 bullfrog zombies
  8 hounds
  A bullfrog skeleton (D:8)
  2 jellies (D:9)
  16 orc priests
  Jessica (D:2)
  4 iguanas
  13 orc wizards
  Natasha (thrice) (D:2)
  7 worker ants
  2 polar bear simulacra (IceCv)
  2 hell rats (Lair:1)
  A spriggan simulacrum (IceCv)
  A troll simulacrum (IceCv)
  A wolf simulacrum (IceCv)
  A centaur simulacrum (IceCv)
  A hound zombie (D:5)
  A hound skeleton (D:4)
  A howler monkey zombie (D:7)
  A worker ant zombie (D:11)
  A gnoll (D:4)
  A naga simulacrum (IceCv)
  7 river rats (Lair:1)
  9 adders
  A shadow imp (D:5)
  6 white imps (IceCv)
  An ooze (D:8)
  2 worms
  3 dart slugs (D:2)
  7 leopard geckos
  63 orcs
  11 bats
  6 giant cockroaches
  6 goblins
  5 hobgoblins
  10 jackals
  2 quokkas
  3 ball pythons
  12 frilled lizards
  A jackal zombie (D:5)
  13 kobolds
  A leopard gecko zombie (D:9)
  A quokka skeleton (D:9)
  8 rats
  6 fungi
443 creatures vanquished.

Vanquished Creatures (others)
  2 centaurs
  A fungus (Lair:4)
  A plant (Lair:2)
4 creatures vanquished.

Grand Total: 447 creatures vanquished

Notes
Turn   | Place    | Note
-------+----------+-------------------------------------------
     0 | D:1      | Mgcat the Human Berserker began the quest for the Orb.
     0 | D:1      | Reached XP level 1. HP: 18/18 MP: 1/1
    90 | D:1      | Reached XP level 2. HP: 19/24 MP: 2/2
   689 | D:1      | Reached XP level 3. HP: 27/29 MP: 3/3
   695 | D:1      | Reached ** piety under Trog
  1247 | D:2      | Reached XP level 4. HP: 36/37 MP: 4/4
  1253 | D:2      | Reached skill level 4 in Fighting
  1255 | D:2      | Reached skill level 4 in Axes
  1341 | D:2      | Noticed an orc warrior
  1342 | D:2      | Noticed Natasha
  1366 | D:2      | Killed an orc warrior
  1366 | D:2      | Reached XP level 5. HP: 43/43 MP: 5/5
  1372 | D:2      | Killed Natasha
  1375 | D:2      | Reached XP level 6. HP: 50/50 MP: 6/6
  1488 | D:2      | Noticed Jessica
  1492 | D:2      | Killed Jessica
  1492 | D:2      | Reached skill level 5 in Fighting
  1492 | D:2      | Reached skill level 5 in Axes
  1668 | D:2      | Noticed Natasha
  1675 | D:2      | Killed Natasha
  1742 | D:2      | Noticed Natasha
  1749 | D:2      | Killed Natasha
  2275 | D:3      | Reached *** piety under Trog
  2758 | D:3      | Reached XP level 7. HP: 47/56 MP: 7/7
  3019 | D:4      | Reached skill level 6 in Fighting
  3019 | D:4      | Reached skill level 6 in Axes
  3137 | D:4      | Noticed Xelenos's ghost (amateur HOFi)
  3148 | D:4      | Killed Xelenos's ghost
  3148 | D:4      | Reached XP level 8. HP: 65/65 MP: 8/8
  3393 | D:4      | Noticed Menkaure
  3399 | D:4      | Killed Menkaure
  3565 | D:4      | Reached skill level 7 in Fighting
  3565 | D:4      | Reached skill level 7 in Axes
  3735 | D:5      | Entered Level 5 of the Dungeon
  4331 | D:5      | Found a shimmering altar of Xom.
  4671 | D:6      | Reached skill level 8 in Fighting
  4671 | D:6      | Reached skill level 8 in Axes
  4671 | D:6      | Reached XP level 9. HP: 71/74 MP: 9/9
  4786 | D:6      | Found Geleudatt's Distillery.
  4797 | D:6      | Bought a potion of might for 44 gold pieces
  4917 | D:6      | Noticed Eustachio
  4926 | D:6      | Killed Eustachio
  5329 | D:7      | Found a white marble altar of Elyvilon.
  5386 | D:7      | Found a staircase to the Ecumenical Temple.
  5438 | D:7      | Reached skill level 9 in Fighting
  5438 | D:7      | Reached skill level 9 in Axes
  5577 | D:7      | Noticed a hippogriff
  5586 | D:7      | Killed a hippogriff
  5659 | D:7      | Reached **** piety under Trog
  6017 | D:7      | Reached XP level 10. HP: 84/84 MP: 10/10
  6071 | D:8      | Reached skill level 10 in Fighting
  6111 | D:7      | Reached skill level 10 in Axes
  6263 | D:8      | Reached skill level 1 in Shields
  6572 | D:8      | Reached skill level 3 in Armour
  6572 | D:8      | Reached skill level 2 in Shields
  6617 | D:8      | Found a sacrificial altar of Ru.
  6724 | D:8      | Found a deep blue altar of Sif Muna.
  6789 | D:8      | Found a sparkling altar of Nemelex Xobeh.
  7337 | D:9      | Noticed a two-headed ogre
  7346 | D:9      | Killed a two-headed ogre
  7346 | D:9      | Reached skill level 4 in Armour
  7346 | D:9      | Reached skill level 3 in Shields
  7430 | D:9      | Found a staircase to the Lair.
  7778 | D:9      | Reached XP level 11. HP: 88/92 MP: 11/11
  7793 | D:9      | Found an ornate altar of the Wu Jian Council.
  7880 | D:10     | Entered Level 10 of the Dungeon
  7958 | D:10     | Found a runed door.
  7991 | D:10     | Reached skill level 4 in Shields
  8006 | D:10     | Reached skill level 5 in Armour
  8009 | D:10     | Reached skill level 11 in Axes
  8108 | D:10     | Reached ***** piety under Trog
  8134 | D:10     | Reached skill level 11 in Fighting
  8174 | D:10     | Noticed Urug
  8193 | D:10     | Killed Urug
  8274 | D:10     | Found Xunocot's Assorted Antiques.
  8323 | D:10     | Bought a glowing war axe for 214 gold pieces
  8331 | D:10     | Identified a scroll of acquirement
  8332 | D:10     | Got a glittering silver amulet
  8333 | D:10     | Identified the amulet of Wocoeth {Gourm rElec} (You acquired it on level 10 of the Dungeon)
  8334 | D:10     | Bought a scroll labeled DOEGUOR UCWUEME for 33 gold pieces
  8872 | D:10     | Reached skill level 6 in Armour
  8924 | D:10     | Noticed an orc knight
  8933 | D:10     | Killed an orc knight
  8988 | D:10     | Found a roughly hewn altar of Beogh.
  9114 | D:11     | Found Xaxtor's General Store.
  9144 | D:11     | Noticed a cyclops
  9167 | D:11     | Killed a cyclops
  9314 | D:11     | Noticed a two-headed ogre
  9322 | D:11     | Killed a two-headed ogre
  9435 | D:11     | Noticed a white ugly thing
  9448 | D:11     | Reached skill level 7 in Armour
  9454 | D:11     | Killed a white ugly thing
  9454 | D:11     | Reached XP level 12. HP: 102/102 MP: 12/12
  9774 | D:11     | Found a staircase to the Orcish Mines.
  9866 | D:11     | Reached skill level 12 in Axes
 10283 | D:11     | Reached skill level 12 in Fighting
 10283 | D:11     | Reached skill level 1 in Slings
 10519 | Lair:1   | Entered Level 1 of the Lair of Beasts
 10590 | Lair:1   | Reached skill level 2 in Slings
 10601 | Lair:1   | Received a gift from Trog
 10611 | Lair:1   | Noticed a seven-headed hydra
 10630 | Lair:1   | Killed a three-headed hydra
 10632 | Lair:1   | Reached skill level 8 in Armour
 10697 | Lair:1   | Noticed a four-headed hydra
 10703 | Lair:1   | Killed a one-headed hydra
 10703 | Lair:1   | Reached skill level 3 in Slings
 10722 | Lair:1   | Noticed an eight-headed hydra
 10728 | Lair:1   | Killed a five-headed hydra
 11410 | Lair:1   | Reached skill level 4 in Slings
 11538 | Lair:1   | Noticed a seven-headed hydra
 11547 | Lair:1   | Killed a two-headed hydra
 11880 | Lair:2   | Reached XP level 13. HP: 98/109 MP: 13/13
 12315 | Lair:2   | Reached skill level 9 in Armour
 12647 | Lair:3   | Reached skill level 13 in Axes
 12744 | Lair:3   | Reached skill level 13 in Fighting
 13468 | Lair:3   | Found a staircase to the Swamp.
 13959 | Lair:4   | Noticed a six-headed hydra
 13969 | Lair:4   | Killed a two-headed hydra
 14267 | Lair:4   | Got a shimmering copper ring
 14269 | Lair:4   | Identified the ring "Yvisenwi" {rPois rF+++ rN+ Dex+2 Slay-6} (You found it on level 4 of the Lair of Beasts)
 14342 | Lair:4   | Reached skill level 10 in Armour
 14441 | Lair:4   | Found a frozen archway.
 14442 | Lair:4   | Noticed an ice dragon
 14453 | Lair:4   | Received a gift from Trog
 14487 | Lair:4   | HP: 22/111 [ice dragon/blast of cold (31)]
 14494 | Lair:4   | Killed an ice dragon
 14540 | IceCv    | Entered an ice cave
 14819 | IceCv    | Received a gift from Trog
 14873 | IceCv    | HP: 21/166 [freezing wraith (23)]
 14954 | IceCv    | Reached skill level 1 in Evocations
 15236 | IceCv    | Found an ancient bone altar of Kikubaaqudgha.
 15261 | IceCv    | HP: 27/112 [freezing wraith (23)]
 15262 | IceCv    | HP: 7/112 [freezing wraith (15)]
 15269 | IceCv    | HP: 9/112 [freezing wraith (23)]
 15272 | IceCv    | Slain by a freezing wraith

Skill      XL: |  1  2  3  4  5  6  7  8  9 10 11 12 13 |
---------------+----------------------------------------+-----
Fighting       | 4 5 6 8 9 10 11 12 13 | 13.7
Axes           | 4 5 6 8 9 10 11 12 13 | 13.7
Shields        | 3 4 |  4.0
Armour         | 4 7 8 10 | 10.4
Slings         | 4 |  4.0
Evocations     | 1 |  1.5
Dodging        | |  2.0

Action                   |  1- 3 |  4- 6 |  7- 9 | 10-12 | 13-15 || total
-------------------------+-------+-------+-------+-------+-------++-------
Melee: Hand axe          |    54 |   150 |   249 |   277 |       ||   730
       Short sword       |    50 |     4 |       |       |       ||    54
       War axe           |       |       |       |   331 |   294 ||   625
       Broad axe         |       |       |       |       |    62 ||    62
 Fire: Hunting sling     |       |       |    33 |    50 |     2 ||    85
Throw: Stone             |     1 |     1 |     5 |     6 |       ||    13
Invok: Berserk           |     1 |     4 |     9 |    23 |    10 ||    47
       Trog's Hand       |       |     3 |     5 |     6 |     6 ||    20
       Burn Spellbooks   |       |     1 |     3 |     1 |       ||     5
Evoke: Wand              |       |       |     4 |     3 |     4 ||    11
  Use: Scroll            |       |       |    16 |     2 |     5 ||    23
       Potion            |       |       |       |       |    12 ||    12
  Eat: Chunk             |     2 |     9 |    17 |    50 |    16 ||    94
       Ration            |       |       |     1 |     1 |     1 ||     3
Armor: Animal skin       |    24 |       |       |       |       ||    24
       Ring mail         |     3 |    36 |    73 |   102 |    68 ||   282
       Scale mail        |       |       |       |    28 |       ||    28
       Plate armour      |       |       |       |       |    93 ||    93
Dodge: Dodged            |    86 |    56 |   114 |   179 |   152 ||   587
Block: Buckler           |     9 |    17 |    48 |   173 |   161 ||   408
       Reflection        |       |       |     2 |    10 |     3 ||    15

Vault maps used:
D:1:      dpeg_arrival_solitude, grunt_decor_arrowhead
D:2:      corexii_shack, grunt_ministairs_9, uniq_natasha, uniq_jessica
D:3:      serial_bayou_lake_a
D:4:      first_ration, cheibrodos_gnoll_hut, uniq_menkaure
D:5:      nicolae_overflow_crystal_walls, st_stairs_5,
          kennysheep_generic_room_15
D:6:      serial_shops, shop, uniq_eustachio
D:7:      temple_pool_b, grunt_ogre_cave, interstate_on_off, elyvilon_altar_4
D:8:      led_sif_book, lemuel_round_altar, nemelex_dance_club_becter
D:9:      marbit_many_paths, lair_entry_dummy
D:10:     serial_shops, kennysheep_little_box, lightli_church_of_beogh,
          uniq_urug
D:11:     erik_orc_2, serial_shops, shop
Lair:1:   cheibrodos_lair_river_kwai, kennysheep_rathole, grunt_megastairs_4
Lair:2:   serial_forest, infiniplex_forest_lined_2,
          infiniplex_forest_lined_room_3, infiniplex_forest_corner_1,
          infiniplex_forest_end_1, infiniplex_forest_straight_2,
          infiniplex_forest_clump_cross, infiniplex_forest_clump_tiny,
          minmay_lair_oklob_chamber, lemuel_fruit_tree, lemuel_fruit_fields
Lair:3:   nicolae_swamp_entry_splash_gauntlet
Lair:4:   lemuel_reptile_caves, minmay_snake_entry_guardpost_small,
          portal_ice_cave_entry_animals_and_master, serial_bayou_pond_c
IceCv:    ice_cave_small_necro

Table legend:
 A = Turns spent in this place as a percentage of turns spent in the entire game.
 B = Non-inter-level travel turns spent in this place as a percentage of non-inter-level travel turns spent in the entire game.
 C = Inter-level travel turns spent in this place as a percentage of turns spent in this place.
 D = Turns resting spent in this place as a percentage of non-inter-level travel turns spent in this place.
 E = Turns spent auto-exploring this place as a percentage of non-inter-level travel turns spent in this place.
 F = Non-inter-level travel turns spent in this place divided by the number of levels of this place that you've seen.
                   A       B       C       D       E      F
               +-------+-------+-------+-------+-------+----------------------
         Total | 100.0 | 100.0 |   3.1 |  11.3 |  63.9 | 925.0
       Dungeon |  68.9 |  68.3 |   3.9 |   7.0 |  67.5 | 918.5
          Lair |  26.3 |  26.8 |   1.4 |  13.3 |  63.5 | 991.0
      Ice Cave |   4.8 |   4.9 |   0.0 |  58.5 |  16.9 | 732.0
               +-------+-------+-------+-------+-------+----------------------

Table legend:
 A = Kills in this place as a percentage of kills in entire the game.
 B = Kills by you in this place as a percentage of kills by you in the entire game.
 C = Kills by friends in this place as a percentage of kills by friends in the entire game.
 D = Other kills in this place as a percentage of other kills in the entire game.
 E = Experience gained in this place as a percentage of experience gained in the entire game.
 F = Experience gained in this place divided by the number of levels of this place that you have seen.
                   A       B       C       D       E      F
               +-------+-------+-------+-------+-------+----------------------
         Total | 100.0 | 100.0 |   N/A | 100.0 | 100.0 | 2793.6
       Dungeon |  70.6 |  70.5 |   N/A | 100.0 |  39.3 | 1598.6
          Lair |  23.0 |  23.1 |   N/A |   0.0 |  51.3 | 5731.8
      Ice Cave |   6.4 |   6.4 |   N/A |   0.0 |   9.4 | 4186.0
               +-------+-------+-------+-------+-------+----------------------
